 Dungeon Crawl Stone Soup version 0.20-a0-307-gd0bf4df (webtiles) character file.

2079 PurpleRed the Martial Artist (level 9, -1/69 HPs)
             Began as a Demonspawn Transmuter on Dec 18, 2016.
             Was an Initiate of Okawaru.
             Slain by an orc warrior
             ... wielding a +1 flail of holy wrath
             ... led by the fury of Okawaru
              (20 damage)
             ... on level 6 of the Dungeon.
             The game lasted 00:25:15 (8108 turns).

PurpleRed the Martial Artist (DsTm)                 Turns: 8108, Time: 00:25:15

Health: -1/69      AC:  3    Str: 13    XL:     9   Next: 6%
Magic:  12/12      EV: 13    Int: 14    God:    Okawaru [......]
Gold:   328        SH:  0    Dex: 15    Spells: 9/12 levels left

rFire  . . .     SeeInvis .       - Unarmed
rCold  + . .     Gourm    .     b - +0 robe
rNeg   . . .     Faith    .     (no shield)
rPois  .         Spirit   .     (no helmet)
rElec  .         Reflect  .     D - +0 cloak
rCorr  .         Harm     .     (no gloves)
MR     ++...                    (no boots)
Stlth  +.........               E - amulet of magic regeneration
                                w - ring of protection from magic
                                e - ring of protection from magic

@: no status effects
A: claws 1, talons 2, cold resistance 1, powered by death 2
a: Renounce Religion


You were on level 6 of the Dungeon.
You worshipped Okawaru.
Okawaru was noncommittal.
You were not hungry.

You visited 2 branches of the dungeon, and saw 8 of its levels.

You collected 328 gold pieces.

Inventory:

Missiles
 a - 114 arrows
Armour
 b - a +0 robe (worn)
 f - a +0 scale mail of poison resistance
 j - a +0 leather armour
 l - a +0 buckler
 n - a +0 helmet
 s - a +0 pair of boots
 D - a +0 cloak (worn)
Jewellery
 e - a ring of protection from magic (left claw)
 u - an uncursed ring of fire
 w - a ring of protection from magic (right claw)
 y - an uncursed amulet of harm
 E - an amulet of magic regeneration (around neck)
Wands
 v - a wand of digging (10/24)
 A - a wand of random effects (20/48)
Scrolls
 g - a scroll of enchant weapon
 q - 4 scrolls of remove curse
Potions
 h - a potion of brilliance
 i - a potion of agility
 k - a potion of cure mutation
 m - 2 potions of berserk rage
 p - a potion of haste
 r - a potion of lignification
 x - 2 potions of flight
 z - 2 potions of curing {unknown}
 B - 2 potions of invisibility {unknown}
Books
 c - a book of Changes

   Spells                             Type                      Level
   a - Beastly Appendage              Transmutation                1
   b - Sticks to Snakes               Transmutation                2
   c - Spider Form                    Transmutation/Poison         3
   d - Ice Form                       Ice/Transmutation            4
   e - Blade Hands                    Transmutation                5
Comestibles
 d - 4 bread rations
 o - 4 meat rations
 t - 2 beef jerkies


   Skills:
 - Level 6.1 Fighting
 + Level 3.2 Dodging
 * Level 9.2 Unarmed Combat
 - Level 2.0 Spellcasting
 + Level 2.0 Transmutations


You had 9 spell levels left.
You knew the following spells:

 Your Spells              Type           Power        Failure   Level  Hunger
a - Beastly Appendage     Tmut           #.....       12%         1    ##.....
b - Sticks to Snakes      Tmut           #.......     17%         2    ###....


Dungeon Overview and Level Annotations

Branches:
Dungeon (7/15)             Temple (1/1) D:5

Altars:
Ashenzari
Cheibriados
Dithmenos
Elyvilon
Fedhas
Hepliaklqana
Makhleb
Nemelex Xobeh
Okawaru
Qazlal
Ru
Sif Muna
Trog
Uskayaw
Vehumet
Xom
Yredelemnul
Zin
The Shining One


Innate Abilities, Weirdness & Mutations

You have sharp fingernails.
You have razor-sharp toenails.
Your flesh is cold resistant. (rC+)
You regenerate health from kills.


Message History

Ouch! That really hurt!
* * * LOW HITPOINT WARNING * * *
Things that are here:
a dagger; a robe; an orc corpse
There is a stone staircase leading up here.
Okay, then.
Okay, then.
You feel agile all of a sudden. The orc warrior closely misses you.
The orc wizard looks satisfied for a moment.
The orc warrior barely misses you.
You climb upwards.
There is a stone staircase leading down here.
The orc warrior no longer looks unusually strong.
There is a stone staircase leading down here.
You feel a little less agile now.
You see here 29 stones.
There is a stone staircase leading up, spattered with blood here.
The orc warrior hits you with a flail of holy wrath!!
You die...

.......#.#.....(........#.#...#.#
...#..........................#..
#..#.###.#..............##.#..###
#.)#.###.####.#...#.##........#
##.......# #.#...#.##.......##
##.#.########.#...#.######.###
....># #......#...#.# #.#
##.#####.###..#...#.# #.####
#.##...........@o..# #....#
#.##.##.#.......#### ####.#
##.##.##.#.........## #.###
o..##.##......#.###.## ######....
#####.##.......## ##.###...######
###............# #.##..#..#
o##.####....#.)## ##....###.#
#.#.####...##.#.###.###..#..#
##o.##....###......## #.(..##


You could see an orc warrior.

Vanquished Creatures
  The ghost of chequers the Cleaver, a novice DsFi of Ru (D:5)
  Sigmund (D:6)
  An orc warrior (D:6)
  2 ogres
  3 centaurs (D:5)
  A wyvern zombie (D:5)
  2 scorpions
  2 electric eels (D:6)
  2 crimson imps
  4 hounds
  2 jellies
  2 orc wizards
  A centaur skeleton (D:4)
  An orc priest (D:5)
  3 iguanas
  Natasha (thrice) (D:2)
  5 worker ants
  A hound zombie (D:6)
  17 adders
  A shadow imp (D:6)
  A worm (D:4)
  3 dart slugs
  9 leopard geckos
  12 orcs
  2 ball pythons
  2 giant cockroaches (D:2)
  14 goblins
  8 hobgoblins
  12 jackals
  5 kobolds
  3 quokkas
  6 bats
  5 frilled lizards
  2 leopard gecko skeletons (D:6)
  A leopard gecko zombie (D:5)
  8 rats
148 creatures vanquished.

Vanquished Creatures (collateral kills)
  A ball python skeleton (D:5)
1 creature vanquished.

Grand Total: 149 creatures vanquished

Notes
Turn   | Place    | Note
-------+----------+-------------------------------------------
     0 | D:1      | PurpleRed the Demonspawn Transmuter began the quest for the Orb.
     0 | D:1      | Reached XP level 1. HP: 15/15 MP: 3/3
   320 | D:1      | Gained mutation: You have sharp fingernails. [demonic ancestry]
   320 | D:1      | Reached XP level 2. HP: 8/21 MP: 1/5
   641 | D:1      | Reached skill level 3 in Unarmed Combat
   765 | D:1      | Reached XP level 3. HP: 9/27 MP: 4/6
   769 | D:1      | Learned a level 2 spell: Sticks to Snakes
  1789 | D:2      | Found a radiant altar of Vehumet.
  1789 | D:2      | Found a blossoming altar of Fedhas.
  1798 | D:2      | Noticed Natasha
  1805 | D:2      | Killed Natasha
  1805 | D:2      | Gained mutation: You regenerate a little health from kills. [demonic ancestry]
  1805 | D:2      | Reached XP level 4. HP: 34/34 MP: 5/7
  1829 | D:2      | Reached skill level 4 in Unarmed Combat
  2044 | D:2      | Noticed Natasha
  2052 | D:2      | Killed Natasha
  2052 | D:2      | Gained mutation: You have sharp toenails. [demonic ancestry]
  2052 | D:2      | Reached XP level 5. HP: 41/41 MP: 6/8
  2115 | D:2      | Noticed Natasha
  2124 | D:2      | Killed Natasha
  2472 | D:3      | Found a shimmering altar of Xom.
  3122 | D:3      | Reached skill level 5 in Unarmed Combat
  3421 | D:3      | Gained mutation: You have razor-sharp toenails. [demonic ancestry]
  3421 | D:3      | Reached XP level 6. HP: 47/47 MP: 6/9
  3976 | D:4      | Reached skill level 6 in Unarmed Combat
  3976 | D:4      | Reached XP level 7. HP: 8/55 MP: 10/10
  4754 | D:5      | Entered Level 5 of the Dungeon
  4757 | D:5      | Noticed chequers's ghost (novice DsFi)
  4844 | D:5      | Reached skill level 5 in Fighting
  4985 | D:5      | Killed chequers's ghost
  4985 | D:5      | Reached skill level 7 in Unarmed Combat
  4985 | D:5      | Gained mutation: Your flesh is cold resistant. (rC+) [demonic ancestry]
  4985 | D:5      | Reached XP level 8. HP: 52/64 MP: 9/11
  5400 | D:5      | Reached skill level 8 in Unarmed Combat
  5498 | D:5      | Found a staircase to the Ecumenical Temple.
  5523 | Temple   | Entered the Ecumenical Temple
  5592 | Temple   | Became a worshipper of Warmaster Okawaru
  6557 | D:6      | Was placed under penance by Okawaru
  6698 | D:6      | Noticed Sigmund
  6709 | D:6      | Noticed a merfolk javelineer
  6709 | D:6      | Noticed a merfolk
  6709 | D:6      | Noticed a merfolk
  6709 | D:6      | Noticed a merfolk
  6836 | D:7      | Reached skill level 9 in Unarmed Combat
  6966 | D:7      | Noticed an orc knight
  6966 | D:7      | Noticed a troll
  6966 | D:7      | Noticed a centaur warrior
  7387 | D:6      | Killed Sigmund
  7387 | D:6      | Was forgiven by Okawaru
  7392 | D:6      | Gained mutation: You regenerate health from kills. [demonic ancestry]
  7392 | D:6      | Reached XP level 9. HP: 43/69 MP: 7/12
  8025 | D:7      | HP: 2/69 [orc warrior/flail of holy wrath[the fury of Okawaru] (38)]
  8108 | D:6      | Slain by an orc warrior

Vault maps used:
D:1:      minmay_arrival_open_corners
D:2:      gammafunk_temple_overflow_elements, feat_on_display, uniq_natasha
D:3:      kennysheep_six_static_rooms, marbit_many_paths,
          hangedman_decor_riveting, hangedman_decor_push
D:4:      corner_web_ring
D:5:      first_bread, kennysheep_generic_room_15
D:6:      minmay_goblin_kobold_castle, uniq_sigmund
Temple:   lightli_temple_of_artemis

Skill      XL: |  1  2  3  4  5  6  7  8 |
---------------+-------------------------+-----
Transmutations | 2 |  2.0
Unarmed Combat | 3 4 5 6 7 9 |  9.2
Fighting       | 2 3 4 5 6 |  6.1
Dodging        | 3 |  3.2
Spellcasting   | |  2.0

Action                   |  1- 3 |  4- 6 |  7- 9 || total
-------------------------+-------+-------+-------++-------
Melee: Unarmed           |   101 |   203 |   182 ||   486
       Kick              |     6 |    39 |    42 ||    87
       Headbutt          |     7 |    18 |    22 ||    47
       Punch             |     2 |     4 |     5 ||    11
 Cast: Beastly Appendage |    27 |    40 |    40 ||   107
       Sticks to Snakes  |       |       |     5 ||     5
Evoke: Wand              |       |       |    10 ||    10
  Use: Scroll            |     9 |     5 |     4 ||    18
       Potion            |       |       |     2 ||     2
 Stab: Sleeping          |     2 |       |     2 ||     4
  Eat: Chunk             |     3 |     9 |    10 ||    22
       Beef jerky        |       |       |     1 ||     1
       Fruit             |       |       |     3 ||     3
Armor: Robe              |    13 |    21 |    14 ||    48
Dodge: Dodged            |    53 |   132 |    98 ||   283
